AoeStats
← waLLefps.

African Clearing

506852418Analyzed
2v2 RM · 18d ago on Sep 15, 2026· 49m 17s· 4 players
Game mode
Random Map
Map size
Medium (4 player)
Population
200
Speed
Normal
Resources
Standard
Victory
Conquest
Starting age
Dark Age
Ending age
Imperial Age
RankedLock teamsTeams togetherTeam positionsShared explorationLock speedFull tech treeHidden civsTurbo modeCheats
Victory
Defeat
🇪🇨 Persians · Ecuador
1492
+13
🇳🇱 Vietnamese · Netherlands
1490
+13
🇹🇷 Spanish · Türkiye
1442
-13
🇹🇷 Magyars · Türkiye
1420
-13
Luukjes
11:22 Loom
13:29 Feudal Age
17:46 Castle Age
16:45 Double-Bit Axe
19:33 Fletching
19:58 Gold Mining
20:58 Bodkin Arrow
24:14 Ballistics
29:50 Horse Collar
32:15 Wheelbarrow
31:33 Town Watch
31:40 Stone Mining
33:20 Hand Cart
39:57 Imperial Age
38:56 Padded Archer Armor
40:03 Leather Archer Armor
40:24 Elite Rattan Archer
41:43 Bracer
43:31 Chemistry
45:40 Paper Money
[ECU] QUITUS
10:00 Loom
12:42 Feudal Age
13:12 Double-Bit Axe
16:03 Forging
25:00 Castle Age
23:21 Horse Collar
23:36 Gold Mining
24:31 Bloodlines
24:55 Scale Barding Armor
27:24 Wheelbarrow
26:52 Heavy Plow
27:05 Bow Saw
29:49 Gold Shaft Mining
30:26 Chain Barding Armor
30:47 Fletching
33:21 Iron Casting
33:23 Hand Cart
33:31 Husbandry
34:51 Stone Mining
37:14 Town Watch
39:28 Bodkin Arrow
42:28 Imperial Age
41:09 Scale Mail Armor
41:15 Pikeman
41:56 Squires
41:42 Arson
42:10 Halberdier
43:31 Chain Mail Armor
43:29 Capped Ram
44:38 Siege Ram
44:48 Cavalier
46:06 Plate Barding Armor
46:47 Stone Shaft Mining
49:11 Blast Furnace
waLLefps.
8:13 Loom
15:08 Feudal Age
20:02 Castle Age
18:04 Double-Bit Axe
21:58 Bow Saw
22:10 Padded Archer Armor
25:58 Leather Archer Armor
26:04 Bloodlines
29:18 Gold Mining
34:40 Wheelbarrow
37:29 Husbandry
40:40 Fletching
44:58 Stone Mining
44:54 Horse Collar
45:57 Heavy Plow
46:34 Bodkin Arrow
46:50 Elite Skirmisher
50:13 Imperial Age
48:21 Ballistics
Tameryig1t
10:05 Loom
14:18 Feudal Age
18:50 Castle Age
28:34 Double-Bit Axe
29:31 Wheelbarrow
32:02 Scale Barding Armor
33:37 Bow Saw
34:37 Chain Barding Armor
34:15 Gold Mining
34:16 Stone Mining
34:07 Horse Collar
38:58 Imperial Age
36:13 Town Watch
36:56 Heavy Plow
38:58 Husbandry
39:35 Bloodlines
40:39 Plate Barding Armor
39:52 Cavalier
41:21 Hand Cart
41:06 Town Patrol
41:37 Crop Rotation
42:09 Two-Man Saw
40:51 Light Cavalry
41:56 Conscription
41:54 Hussar
44:41 Gold Shaft Mining
45:00 Fletching
45:10 Padded Archer Armor
46:58 Leather Archer Armor
Connection lost

Rejoining the realm…

Still unreachable

The connection could not be restored.

Session expired

The server has moved on; the page needs a fresh start.